Map: Cactus Valley LE

Players

Alteris

  • Race: Protoss Protoss
  • Spawn Location: 1:00

DrennoC - Winner!

  • Race: Zerg Zerg
  • Spawn Location: 7:00

VOD

Have the link to the VOD?

Description

Time

  • Played on: April 3, 2015, 4:04 p.m.
  • Length: 13:39
Show
View Real Time Build Order
Export as new Build Order

Alteris Protoss 

Build Orders:  

Get SALT Encoding   

  12  0:17  Probe, Pylon  
  13  0:29  Probe  
  14  0:37  Forge  
  14  0:41  Probe (Chrono Boost)  
  15  0:52  Probe (Chrono Boost)  
  16  0:58  Probe (Chrono Boost)  
  17  1:10  Probe (Chrono Boost)  
  18  1:13  Photon Cannon  
  18  1:14  Photon Cannon  
  18  1:20  Probe  
  19  1:32  Gateway, Probe (Chrono Boost)  
  20  1:45  Probe (Chrono Boost)  
  21  1:51  Probe (Chrono Boost)  
  22  2:01  Nexus  
  22  2:08  Pylon  
  22  2:20  Photon Cannon  
  22  2:22  Pylon  
  22  2:26  Probe (Chrono Boost)  
  23  2:32  Assimilator  
  23  2:36  Probe (Chrono Boost)  
  24  2:48  Assimilator  
  24  2:56  Cybernetics Core  
  24  3:00  Probe (Chrono Boost)  
  24  3:04  Pylon  
  25  3:06  Pylon  
  25  3:11  Probe (Chrono Boost)  
  26  3:16  Probe (Chrono Boost)  
  26  3:18  Probe  
  28  3:25  Pylon  
  28  3:30  Probe (Chrono Boost)  
  28  3:31  Pylon  
  28  3:32  Probe (Chrono Boost)  
  30  3:40  Probe (Chrono Boost)  
  32  3:44  Probe (Chrono Boost)  
  32  3:47  Probe (Chrono Boost)  
  33  3:54  Probe (Chrono Boost)  
  35  3:58  Probe (Chrono Boost)  
  35  4:01  Probe (Chrono Boost)  
  36  4:08  Probe  
  36  4:09  Probe  
  38  4:18  Photon Cannon  
  38  4:20  Probe  
  38  4:21  Probe  
  38  4:23  Photon Cannon  
  40  4:37  Stargate  
  40  4:39  Stargate  
  40  4:43  Stargate  
  40  4:49  Assimilator  
  40  4:52  Probe (Chrono Boost)  
  41  4:54  Assimilator  
  41  5:04  Probe (Chrono Boost)  
  43  5:07  Probe (Chrono Boost)  
  45  5:15  Probe x2 (Chrono Boost)  
  46  5:21  Probe (Chrono Boost)  
  46  5:23  Probe (Chrono Boost)  
  46  5:24  Void Ray  
  51  5:33  Probe (Chrono Boost)  
  53  5:35  Probe (Chrono Boost)  
  53  5:36  Void Ray  
  59  5:43  Probe (Chrono Boost), Void Ray  
  59  5:44  Probe (Chrono Boost)  
  63  5:51  Probe x2 (Chrono Boost)  
  63  5:54  Pylon  
  65  6:00  Pylon  
  65  6:03  Probe (Chrono Boost)  
  67  6:05  Probe (Chrono Boost)  
  67  6:10  Pylon  
  68  6:13  Probe x2 (Chrono Boost)  
  69  6:19  Photon Cannon  
  69  6:20  Photon Cannon  
  69  6:22  Void Ray  
  69  6:23  Void Ray, Photon Cannon  
  77  6:26  Protoss Air Weapons Level 1 (Chrono Boost)  
  77  6:43  Pylon  
  81  6:49  Void Ray (Chrono Boost)  
  81  7:02  Robotics Facility  
  81  7:05  Void Ray (Chrono Boost)  
  85  7:21  Photon Cannon  
  85  7:22  Photon Cannon  
  85  7:24  Photon Cannon  
  85  7:25  Void Ray x2  
  93  7:43  Void Ray  
  97  7:58  Pylon  
  97  7:59  Pylon  
  97  8:01  Pylon  
  97  8:20  Protoss Air Armor Level 1 (Chrono Boost)  
  73  9:12  Void Ray x3 (Chrono Boost)  
  73  9:26  Warp Prism  
  75  9:53  Void Ray x3 (Chrono Boost)  
  87  10:13  Observer  
  88  10:30  Void Ray x3  
  100  10:35  Pylon  
  100  10:36  Pylon  
  100  10:39  Pylon  
  72  10:59  Fleet Beacon  
  72  11:06  Sentry (Chrono Boost)  
  74  11:17  Photon Cannon  
  74  11:18  Photon Cannon  
  76  11:29  Photon Cannon  
  76  11:39  Photon Cannon  
  76  11:41  Photon Cannon  
  72  11:58  Carrier (Chrono Boost)  
  72  12:05  Carrier (Chrono Boost)  
  72  12:06  Carrier (Chrono Boost)  
  78  12:27  Photon Cannon  
Show
View Real Time Build Order
Export as new Build Order

DrennoC Zerg - Winner!

Build Orders: Pool First, Lurkers 

Get SALT Encoding   

  12  0:01  Drone  
  13  0:12  Overlord  
  13  0:17  Drone  
  14  0:30  Drone  
  14  0:33  Drone  
  16  0:41  Spawning Pool  
  15  0:46  Drone  
  16  0:51  Extractor  
  15  1:03  Drone  
  16  1:16  Hatchery  
  15  1:20  Drone  
  15  1:24  Drone  
  17  1:35  Queen  
  19  1:44  Overlord  
  19  1:53  Drone x2  
  21  1:59  Metabolic Boost  
  21  2:08  Drone  
  21  2:09  Drone  
  23  2:18  Queen  
  23  2:22  Extractor  
  24  2:26  Drone  
  25  2:34  Queen  
  25  2:36  Drone  
  28  2:40  Drone  
  28  2:43  Drone  
  30  3:03  Zergling x2  
  30  3:04  Drone, Zergling x6  
  30  3:05  Drone  
  36  3:09  Overlord  
  36  3:30  Drone x2, Queen  
  40  3:35  Drone x4  
  40  3:37  Overlord  
  44  3:52  Overlord  
  42  3:59  Drone x2  
  44  4:02  Lair  
  44  4:03  Drone x4  
  48  4:13  Drone  
  48  4:15  Extractor  
  48  4:21  Zergling x2  
  48  4:22  Zergling x2  
  50  4:29  Evolution Chamber  
  50  4:30  Evolution Chamber  
  48  4:33  Drone x6  
  54  4:47  Hatchery  
  53  5:02  Zerg Missile Weapons Level 1  
  53  5:05  Zergling x6  
  56  5:07  Hydralisk Den  
  56  5:13  Drone x2  
  56  5:14  Drone, Spore Crawler  
  58  5:15  Overlord x3  
  57  5:35  Drone x2  
  59  5:40  Lurker Den  
  59  5:42  Hydralisk x2  
  59  5:43  Hydralisk x6  
  59  5:46  Drone  
  76  5:51  Pneumatized Carapace  
  76  6:05  Queen  
  76  6:10  Drone x3  
  81  6:17  Hydralisk x3  
  81  6:18  Hydralisk  
  89  6:37  Zerg Ground Armor Level 1  
  89  6:39  Overlord x2  
  89  6:54  Overlord x2  
  89  7:08  Hydralisk  
  89  7:09  Hydralisk x7  
  89  7:14  Drone x5  
  89  7:15  Drone x4  
  114  7:37  Lurker x3  
  114  7:39  Drone x3  
  114  7:40  Drone  
  121  7:57  Hatchery  
  120  7:58  Overlord  
  120  7:59  Overlord x3, Drone  
  120  8:02  Zerg Missile Weapons Level 2  
  121  8:16  Overlord x2  
  121  8:23  Hydralisk x4  
  129  8:31  Zergling x2  
  129  8:32  Hydralisk  
  110  8:34  Hydralisk  
  112  8:43  Extractor  
  112  8:46  Hydralisk x2  
  112  8:53  Extractor  
  111  8:59  Hydralisk x2  
  111  9:02  Zergling x6  
  118  9:09  Hydralisk x2  
  108  9:22  Zergling x6  
  108  9:23  Queen  
  113  9:26  Queen  
  115  9:33  Queen  
  117  9:45  Hatchery, Hydralisk x4  
  117  9:46  Hydralisk  
  117  9:48  Zergling x4  
  117  9:49  Hatchery, Zergling x2  
  124  10:12  Hydralisk x2  
  124  10:13  Hydralisk x3  
  117  10:24  Drone x5  
  117  10:25  Drone x8  
  129  10:49  Hydralisk x2  
  125  10:57  Lurker  
  125  10:58  Lurker  
  127  11:05  Drone x3  
  130  11:14  Hydralisk  
  130  11:15  Hydralisk x3  
  139  11:18  Drone x3  
  139  11:19  Drone x5  
  143  11:41  Hydralisk x4  
  143  11:42  Zergling x2  
  143  11:43  Zergling x12  
  143  11:44  Zergling x44  
  172  11:51  Hydralisk x2  
  166  11:59  Hydralisk  
  142  12:23  Zergling x2  
  142  12:24  Zergling x20  
  142  12:25  Zergling x6  
  151  12:33  Hydralisk  
  151  12:36  Hydralisk x3  
  149  12:52  Hydralisk  
  149  12:54  Zergling x12  
  149  12:55  Zergling x30  
  171  13:10  Lurker  
  171  13:12  Zergling x8  
  175  13:13  Zergling x2  
  176  13:23  Extractor  
Tags
 
Composition
Lurkers
Matchup
PvZ
Opening
Pool First
Player
DrennoC
Spawn Locations
Cross Positions
Add a new tag
Caveats
  • Supply blocks, unpowered buildings, or Contaminate may cause inaccurate times.
  • Supply counts are checked every 10 seconds.